[Event "AUT-ch U18 Boys 2022"]
[Site "Sankt Veit an der Glan"]
[Date "2022.04.11"]
[Round "3"]
[White "Marte, Lukas"]
[Black "Buchegger, Fridolin"]
[Result "1/2-1/2"]
[ECO "C54"]
[WhiteElo "1614"]
[BlackElo "2010"]
[Annotator "NA RC"]
[PlyCount "123"]
[EventDate "2022.04.11"]
[EventType "swiss"]
[EventCountry "AUT"]
[SourceTitle "playchess.com"]
[Source "ChessBase"]
[SourceQuality "1"]
[TimeControl "5400+30"]

1. e4 e5 2. Nf3 Nc6 3. Bc4 Bc5 4. c3 Nf6 5. d3 d6 6. O-O a6 7. Bb3 Ba7 8. Nbd2 O-O 9. h3 h6 10. Re1 Re8 11. Nf1 Be6 12. Ng3 d5 13. exd5 Bxd5 14. Bxd5 Nxd5 15. Be3 Nxe3 16. fxe3 Qd5 17. c4 Qe6 18. Kh2 Rad8 19. Qb3 b6 20. Rad1 Qf6 21. a4 Bb8 22. Qc3 a5 23. Rf1 Qg6 24. e4 Nd4 25. Qd2 c6 26. Nh4 Qg5 27. Qxg5 hxg5 28. Nf3 Ne6 29. Nf5 g6 30. Ne3 Kg7 31. Ng4 f6 32. Rf2 Bd6 33. Nd2 Be7 34. Nb3 Rh8 35. g3 Rhf8 36. Kg2 Rd7 37. Rf3 Rfd8 38. Kf2 Bc5+ 39. Ke2 Rf7 40. Rdf1 Be7 41. Nxe5 Rff8 42. Nxc6 Rd7 43. Nxe7 Rxe7 44. d4 Rc8 45. Kd3 Rh8 46. d5 Nf8 47. g4 Nd7 48. Kd4 Ne5 49. Rc3 Rd7 50. Rh1 Nxg4 51. c5 Re7 52. Rf1 bxc5+ 53. Nxc5 Ne5 54. Ne6+ Kf7 55. Nxg5+ Kg7 56. Ne6+ Kf7 57. Rfc1 g5 58. Kc5 Rc8+ 59. Kb5 Rb8+ 60. Ka6 Ra8+ 61. Kb6 Rb8+ 62. Ka6 1/2-1/2

[Event "AUT-ch U18 Boys 2022"]
[Site "Sankt Veit an der Glan"]
[Date "2022.04.11"]
[Round "3"]
[White "Liotta, Marcel"]
[Black "Loreth, Thomas"]
[Result "0-1"]
[ECO "D04"]
[WhiteElo "1551"]
[BlackElo "1628"]
[Annotator "NA RC"]
[PlyCount "70"]
[EventDate "2022.04.11"]
[EventType "swiss"]
[EventCountry "AUT"]
[SourceTitle "playchess.com"]
[Source "ChessBase"]
[SourceQuality "1"]
[TimeControl "5400+30"]

1. d4 d5 2. Nf3 Nf6 3. e3 c5 4. b3 Bg4 5. Nbd2 e6 6. Bb2 a6 7. Bd3 Nc6 8. a3 Qc7 9. O-O cxd4 10. exd4 Bd6 11. Qe1 O-O 12. Ne5 Bh5 13. f4 Bg6 14. Qg3 Ne7 15. Qh3 Bxd3 16. Qxd3 Rac8 17. Rac1 b5 18. Rf3 Ng6 19. Qe2 Qa5 20. b4 Qb6 21. Kh1 Rc7 22. f5 Nh4 23. Rf4 Nxf5 24. g4 Ne7 25. g5 Bxe5 26. dxe5 Nd7 27. Nf3 Rfc8 28. Nd4 Ng6 29. Rcf1 Nxf4 30. Rxf4 Nf8 31. h4 Rc4 32. h5 Qc7 33. Rf6 Rxc2 34. Qg4 Rxb2 35. g6 Qc1+ 0-1

[Event "AUT-ch U18 Boys 2022"]
[Site "Sankt Veit an der Glan"]
[Date "2022.04.11"]
[Round "3"]
[White "Pribozic, Manuel"]
[Black "Koestner, Laurin"]
[Result "1-0"]
[ECO "B90"]
[WhiteElo "1543"]
[BlackElo "1746"]
[Annotator "NA RC"]
[PlyCount "91"]
[EventDate "2022.04.11"]
[EventType "swiss"]
[EventCountry "AUT"]
[SourceTitle "playchess.com"]
[Source "ChessBase"]
[SourceQuality "1"]
[TimeControl "5400+30"]

1. e4 c5 2. Nf3 d6 3. Nc3 Nf6 4. d4 cxd4 5. Nxd4 a6 6. f3 e5 7. Nb3 Be6 8. Be3 Be7 9. Qd2 Nbd7 10. O-O-O Rc8 11. Kb1 Qc7 12. g4 b5 13. Nd5 Bxd5 14. exd5 Nb6 15. Bxb6 Qxb6 16. Bg2 O-O 17. h4 Rc4 18. h5 Rfc8 19. Rc1 e4 20. fxe4 Nxg4 21. Bh3 Rxe4 22. Rhe1 Rcc4 23. Bxg4 h6 24. Rxe4 Rxe4 25. Bf3 Bg5 26. Qc3 Rc4 27. Qe1 Rc8 28. Rd1 Qc7 29. Qe2 a5 30. Nd4 b4 31. Nc6 Ra8 32. Qd3 Qb6 33. Qd4 Qb5 34. Qd3 Qb6 35. Qd4 Qb5 36. Qf2 a4 37. Qd4 b3 38. Qb4 bxc2+ 39. Kxc2 Qa6 40. a3 Qc8 41. Kb1 Qf5+ 42. Qe4 Qd7 43. Bg4 Qb7 44. Qb4 Qa6 45. Qxd6 Qc4 46. Qb4 1-0

[Event "AUT-ch U18 Boys 2022"]
[Site "Sankt Veit an der Glan"]
[Date "2022.04.12"]
[Round "4.1"]
[White "Kristoferitsch, Daniel"]
[Black "Schernthaner, David"]
[Result "1-0"]
[ECO "B00"]
[WhiteElo "2253"]
[BlackElo "2213"]
[Annotator "RC"]
[PlyCount "55"]
[EventDate "2022.04.11"]
[EventType "swiss"]
[EventCountry "AUT"]
[SourceTitle "playchess.com"]
[Source "ChessBase"]
[SourceQuality "1"]
[TimeControl "5400+30"]

1. e4 d6 2. c4 c5 3. Ne2 Nc6 4. d4 cxd4 5. Nxd4 g6 6. Be2 Bg7 7. Nc2 Nf6 8. Nc3 O-O 9. O-O Be6 10. Be3 Qa5 11. Rc1 Rfc8 12. f4 Nb4 13. Nxb4 Qxb4 14. b3 Qa5 15. Qd3 a6 16. Na4 Re8 17. Nb6 Rad8 18. h3 Nd7 19. b4 Qxb4 20. Rb1 Qc3 21. Qxc3 Bxc3 22. f5 Nc5 23. fxe6 fxe6 24. Bg4 Nxe4 25. Bxe6+ Kg7 26. Rf7+ Kh8 27. Nd5 Nf6 28. Nxc3 1-0

[Event "AUT-ch U18 Boys 2022"]
[Site "Sankt Veit an der Glan"]
[Date "2022.04.12"]
[Round "4.2"]
[White "Cafasso, Elia"]
[Black "Stadlinger, Matthias"]
[Result "0-1"]
[ECO "B07"]
[WhiteElo "2061"]
[BlackElo "2013"]
[Annotator "NA RC"]
[PlyCount "210"]
[EventDate "2022.04.11"]
[EventType "swiss"]
[EventCountry "AUT"]
[SourceTitle "playchess.com"]
[Source "ChessBase"]
[SourceQuality "1"]
[TimeControl "5400+30"]

1. e4 d6 2. d4 Nf6 3. Nc3 Nbd7 4. f4 e5 5. Nf3 exd4 6. Qxd4 c6 7. Be3 d5 8. exd5 Bc5 9. Qd3 Qe7 10. Kd2 O-O 11. Re1 Bxe3+ 12. Rxe3 Qb4 13. Qc4 Qxb2 14. Bd3 cxd5 15. Nxd5 Nxd5 16. Qxd5 Qb4+ 17. Ke2 Nf6 18. Qc4 Qb6 19. f5 Bd7 20. Re1 Rae8 21. Rxe8 Rxe8+ 22. Kd1 Rxe1+ 23. Nxe1 Bc6 24. Qf4 h6 25. h4 Qb1+ 26. Kd2 Qxa2 27. g4 Qa4 28. c4 Qb4+ 29. Ke2 Qe7+ 30. Kd2 Ne4+ 31. Bxe4 Qxe4 32. Qxe4 Bxe4 33. Ke3 Bc6 34. Nc2 Kf8 35. g5 hxg5 36. hxg5 f6 37. gxf6 gxf6 38. c5 Ke7 39. Kd3 Kd7 40. Kc4 Be4 41. Nd4 Bb1 42. Kb4 Be4 43. Kc4 Ke7 44. Nb5 Bxf5 45. Nd6 Be6+ 46. Kd4 b6 47. Nb5 bxc5+ 48. Kxc5 a5 49. Nc3 Bb3 50. Ne2 a4 51. Kb4 Kd6 52. Nd4 Ke5 53. Kc3 Bd5 54. Ne2 a3 55. Ng3 Kd6 56. Kc2 Kc5 57. Kc3 Kd6 58. Kc2 Ke7 59. Nf5+ Kf7 60. Kc3 Be6 61. Nd4 Ke7 62. Kc2 Bg8 63. Nb5 a2 64. Kb2 f5 65. Nd4 f4 66. Ka1 Kf6 67. Kb2 Bd5 68. Ne2 f3 69. Nc3 Ke5 70. Nd1 Kd4 71. Nf2 Be6 72. Nh1 Ke3 73. Ka1 Ke2 74. Kb2 Kf1 75. Ng3+ Kg2 76. Ne4 Bd5 77. Nc3 Bb3 78. Ne4 Bd5 79. Nc3 Bc4 80. Ne4 Bd3 81. Nc3 Bb1 82. Nd1 Kf1 83. Ne3+ Ke2 84. Ng4 Bf5 85. Nh2 f2 86. Kxa2 Bh3 87. Kb2 Ke3 88. Kc2 Kf4 89. Kd2 Kg3 90. Ke2 Kg2 91. Ke3 Bg4 92. Nxg4 f1=Q 93. Ne5 Qe1+ 94. Kd4 Kg3 95. Nd3 Qe8 96. Nb4 Kf4 97. Nd5+ Kf3 98. Nc3 Qd7+ 99. Nd5 Qd6 100. Kc4 Ke4 101. Nc3+ Ke5 102. Kb5 Qc7 103. Kb4 Qc8 104. Na4 Kd4 105. Ka5 Qb7 0-1

[Event "AUT-ch U18 Boys 2022"]
[Site "Sankt Veit an der Glan"]
[Date "2022.04.12"]
[Round "4.3"]
[White "Blasge, Tobias"]
[Black "Tumanyan, Gor"]
[Result "1-0"]
[ECO "A57"]
[WhiteElo "1736"]
[BlackElo "1818"]
[Annotator "NA RC"]
[PlyCount "63"]
[EventDate "2022.04.11"]
[EventType "swiss"]
[EventCountry "AUT"]
[SourceTitle "playchess.com"]
[Source "ChessBase"]
[SourceQuality "1"]
[TimeControl "5400+30"]

1. d4 Nf6 2. c4 a6 3. Nc3 c5 4. d5 b5 5. cxb5 axb5 6. Nxb5 Qa5+ 7. Nc3 Bb7 8. Bd2 Qb6 9. e4 e6 10. Nf3 exd5 $14 11. exd5 Nxd5 12. Bc4 Qe6+ 13. Ne2 Ba6 14. Bxd5 Qxd5 15. O-O Be7 16. Re1 Bxe2 17. Qxe2 Nc6 18. b4 O-O 19. b5 Nd4 20. Qxe7 Nxf3+ 21. gxf3 Qxd2 22. Qxc5 Rxa2 23. Rxa2 Qxa2 24. b6 Qd2 25. Rc1 d6 26. Qc6 Qg5+ 27. Kf1 Qd2 28. b7 Qd3+ 29. Kg1 Qg6+ 30. Kh1 Qf5 31. Qc8 Qxf3+ 32. Kg1 1-0

[Event "AUT-ch U18 Boys 2022"]
[Site "Sankt Veit an der Glan"]
[Date "2022.04.12"]
[Round "4.4"]
[White "Loreth, Thomas"]
[Black "Ilijic, Mihajilo"]
[Result "0-1"]
[ECO "B10"]
[WhiteElo "1628"]
[BlackElo "2079"]
[Annotator "RC"]
[PlyCount "88"]
[EventDate "2022.04.11"]
[EventType "swiss"]
[EventCountry "AUT"]
[SourceTitle "playchess.com"]
[Source "ChessBase"]
[SourceQuality "1"]
[TimeControl "5400+30"]

1. e4 c6 2. Nc3 d5 3. Nf3 dxe4 4. Nxe4 Nf6 5. Qe2 Nxe4 6. Qxe4 Qa5 7. b4 Qd5 8. Qe3 Qe6 9. Bb2 f6 10. Bd3 Qxe3+ 11. dxe3 e5 12. a3 Be6 13. Rd1 Nd7 14. O-O Nb6 15. Nd2 Be7 16. Ne4 Nc4 17. Bc1 b6 18. Nd2 Nxd2 19. Rxd2 O-O-O 20. Rfd1 Kc7 21. Bb2 a5 22. bxa5 bxa5 23. Bc3 Ra8 24. a4 Bb4 25. Bxb4 axb4 26. Ra1 Rhd8 27. Rdd1 f5 28. f3 c5 29. Bb5 c4 30. Kf2 Kb6 31. Ke2 Kc5 32. h3 f4 33. e4 g5 34. Rxd8 Rxd8 35. Rd1 Rxd1 36. Kxd1 c3 37. Kc1 b3 38. Be8 Kb4 39. Bc6 b2+ 40. Kb1 Bc4 41. Bb7 Kxa4 42. Bc6+ Kb4 43. Bb7 Bf1 44. Bc8 h5 0-1

[Event "AUT-ch U18 Boys 2022"]
[Site "Sankt Veit an der Glan"]
[Date "2022.04.12"]
[Round "4.5"]
[White "Lotz, Dominik"]
[Black "Pribozic, Manuel"]
[Result "1/2-1/2"]
[ECO "B22"]
[WhiteElo "1583"]
[BlackElo "1543"]
[Annotator "NA RC"]
[PlyCount "61"]
[EventDate "2022.04.11"]
[EventType "swiss"]
[EventCountry "AUT"]
[SourceTitle "playchess.com"]
[Source "ChessBase"]
[SourceQuality "1"]
[TimeControl "5400+30"]

1. e4 c5 2. c3 Nc6 3. Nf3 d6 4. d4 cxd4 5. cxd4 e6 6. Nc3 Nf6 7. Bd3 Be7 8. Bg5 O-O 9. Rc1 a6 10. O-O h6 11. Bh4 Nxe4 12. Bxe7 Nxc3 13. Bxd8 Nxd1 14. Bc7 Nxb2 15. Be2 d5 16. Rc2 Na4 17. Rb1 f6 18. Bd1 Na7 19. Rcc1 b5 20. Rb4 Bd7 21. Bxa4 bxa4 22. Rb7 Bb5 23. Rb6 Rfe8 24. h3 Rac8 25. Rb7 Nc6 26. Bf4 e5 27. dxe5 fxe5 28. Nxe5 Nxe5 29. Rxc8 Nf3+ 30. gxf3 Rxc8 31. Be5 1/2-1/2

[Event "AUT-ch U18 Boys 2022"]
[Site "Sankt Veit an der Glan"]
[Date "2022.04.12"]
[Round "4.6"]
[White "Buchegger, Fridolin"]
[Black "Koestner, Laurin"]
[Result "1-0"]
[ECO "E06"]
[WhiteElo "2010"]
[BlackElo "1746"]
[Annotator "RC"]
[PlyCount "77"]
[EventDate "2022.04.11"]
[EventType "swiss"]
[EventCountry "AUT"]
[SourceTitle "playchess.com"]
[Source "ChessBase"]
[SourceQuality "1"]
[TimeControl "5400+30"]

1. d4 Nf6 2. c4 e6 3. Nf3 d5 4. g3 Be7 5. Bg2 O-O 6. O-O dxc4 7. Qc2 a6 8. a4 Bd7 9. Ne5 Bc6 10. Nxc6 Nxc6 11. Bxc6 bxc6 12. a5 Qxd4 13. Ra4 Rfd8 14. Rxc4 Qd5 15. Bd2 Rab8 16. Rc1 Qh5 17. f3 c5 18. Nc3 Nd5 19. Ne4 Rb5 20. Nxc5 Rdb8 21. Nd3 Bd6 22. Kg2 f5 23. e4 fxe4 24. Rxe4 Rf8 25. Rf1 Qg6 26. Qd1 h5 27. Qe2 Rb3 28. Be3 h4 29. Bd4 hxg3 30. Rg4 Qxg4 31. fxg4 Rxf1 32. Kxf1 gxh2 33. Qxe6+ Kh7 34. Nf2 Rb5 35. Qe4+ Kg8 36. Qe8+ Kh7 37. Qf7 Be5 38. Qf5+ Kg8 39. Qxe5 1-0

[Event "AUT-ch U18 Boys 2022"]
[Site "Sankt Veit an der Glan"]
[Date "2022.04.12"]
[Round "4.7"]
[White "Martetschlaeger, Stefan"]
[Black "Marte, Lukas"]
[Result "0-1"]
[ECO "C45"]
[WhiteElo "1679"]
[BlackElo "1614"]
[Annotator "NA RC"]
[PlyCount "120"]
[EventDate "2022.04.11"]
[EventType "swiss"]
[EventCountry "AUT"]
[SourceTitle "playchess.com"]
[Source "ChessBase"]
[SourceQuality "1"]
[TimeControl "5400+30"]

1. e4 e5 2. Nf3 Nc6 3. d4 exd4 4. Nxd4 Bc5 5. Nb3 Bb6 6. Nc3 d6 7. Qe2 Nge7 8. Be3 Be6 9. O-O-O Qd7 10. g3 O-O-O 11. Bxb6 axb6 12. Bg2 f5 13. f4 fxe4 14. Nxe4 Bg4 15. Bf3 Bxf3 16. Qxf3 Rhf8 17. Nd4 Rde8 18. Qa3 Nb8 19. Rhe1 Nf5 20. Nxf5 Qxf5 21. Qd3 Qa5 22. Qc4 Nc6 23. Re3 Qf5 24. Rde1 Kd7 25. Qc3 Qg6 26. Ng5 Rxe3 27. Rxe3 Re8 28. h4 h6 29. h5 Rxe3 30. Qxe3 Qf6 31. Ne4 Qf5 32. Qf3 d5 33. Nc3 Nb4 34. Qd1 Kc6 35. a3 Na6 36. Qe2 Qf7 37. Qe5 Nc5 38. Ne2 Ne4 39. Nd4+ Kd7 40. Nb5 Kd8 41. c4 c6 42. Qb8+ Ke7 43. Qxb7+ Kf8 44. Qc8+ Qe8 45. Qf5+ Qf7 46. Qc8+ Qe8 47. Qf5+ Qf7 48. Nd4 Nxg3 49. Qc8+ Qe8 50. Ne6+ Kf7 51. Qxe8+ Kxe8 52. Nxg7+ Kf7 53. cxd5 cxd5 54. b4 Kxg7 55. a4 Nxh5 56. a5 bxa5 57. b5 Nf6 58. Kd2 Nd7 59. Kd3 Nb6 60. Kd4 a4 0-1

[Event "AUT-ch U18 Boys 2022"]
[Site "Sankt Veit an der Glan"]
[Date "2022.04.12"]
[Round "4.8"]
[White "Hechl, Fabian"]
[Black "Schilcher, Marcel"]
[Result "1-0"]
[ECO "B53"]
[WhiteElo "2023"]
[BlackElo "1671"]
[Annotator "RC"]
[PlyCount "37"]
[EventDate "2022.04.11"]
[EventType "swiss"]
[EventCountry "AUT"]
[SourceTitle "playchess.com"]
[Source "ChessBase"]
[SourceQuality "1"]
[TimeControl "5400+30"]

1. e4 c5 2. Nf3 d6 3. d4 cxd4 4. Qxd4 Nc6 5. Qe3 g6 6. Be2 Bg7 7. O-O e6 8. Rd1 Qc7 9. Na3 a6 10. Nc4 d5 11. exd5 Nb4 12. d6 Qd8 13. d7+ Bxd7 14. Nd6+ Kf8 15. Qf4 Bf6 16. Nxf7 Kxf7 17. Rxd7+ Qxd7 18. Ne5+ Ke7 19. Nxd7 1-0

[Event "AUT-ch U18 Boys 2022"]
[Site "Sankt Veit an der Glan"]
[Date "2022.04.12"]
[Round "4.9"]
[White "Braun, Hagen"]
[Black "Weichhart, Daniel"]
[Result "0-1"]
[ECO "B34"]
[WhiteElo "1252"]
[BlackElo "2032"]
[Annotator "RC"]
[PlyCount "90"]
[EventDate "2022.04.11"]
[EventType "swiss"]
[EventCountry "AUT"]
[SourceTitle "playchess.com"]
[Source "ChessBase"]
[SourceQuality "1"]
[TimeControl "5400+30"]

1. e4 c5 2. Nf3 Nc6 3. d4 cxd4 4. Nxd4 Nf6 5. Nc3 e5 6. Nb3 Bb4 7. f3 d5 8. exd5 Nxd5 9. Bd2 Nxc3 10. bxc3 Be7 11. Bd3 Bh4+ 12. g3 Be7 13. O-O Be6 14. Re1 O-O 15. Be3 b6 16. Qe2 Qc7 17. Rad1 Bf6 18. Kg2 g6 19. Qd2 Rad8 20. Bg5 Bxg5 21. Qxg5 f6 22. Qc1 Bf7 23. Re2 Nb8 24. Qb2 Rc8 25. Red2 Rfd8 26. Qa3 Kg7 27. Nc1 Nc6 28. Ne2 Na5 29. Bb5 Rxd2 30. Rxd2 Rd8 31. Rd3 Rd5 32. Rxd5 Bxd5 33. Bd3 Qb7 34. Ng1 Qf7 35. Kf2 Bxa2 36. Ne2 Bd5 37. Qa4 Qb7 38. Be4 Bxe4 39. fxe4 Qc6 40. Qa1 Qxe4 41. Qd1 Qf5+ 42. Kg2 Nc4 43. Qd8 Ne3+ 44. Kh1 Qf3+ 45. Kg1 Qg2# 0-1

[Event "AUT-ch U18 Boys 2022"]
[Site "Sankt Veit an der Glan"]
[Date "2022.04.12"]
[Round "5.1"]
[White "Blasge, Tobias"]
[Black "Kristoferitsch, Daniel"]
[Result "0-1"]
[ECO "E10"]
[WhiteElo "1736"]
[BlackElo "2253"]
[Annotator "TA"]
[PlyCount "64"]
[EventDate "2022.04.11"]
[EventType "swiss"]
[EventCountry "AUT"]
[SourceTitle "playchess.com"]
[Source "ChessBase"]
[SourceQuality "1"]
[TimeControl "5400+30"]

1. d4 Nf6 2. c4 e6 3. Nf3 c5 4. d5 b5 5. Bg5 exd5 6. cxd5 h6 7. Bxf6 Qxf6 8. Qc2 Bb7 {[%emt 0:05:05] E10: Blumenfeld Gambit.} 9. e4 Qb6 10. a4 a6 {[%emt 0:00:35] [#] White is better.} 11. b3 $146 {[%emt 0:09:01] Inhibits c4.} ({Better is} 11. Nbd2 $16) ({Predecessor:} 11. Qb3 c4 12. Bxc4 Bc5 13. axb5 Bxf2+ 14. Ke2 O-O 15. bxa6 Nxa6 16. Qxb6 Bxb6 17. Nbd2 {1-0 (48) Lalich,V-Benko,F Buenos Aires 1938}) 11... d6 12. axb5 (12. Qb2 $5 ) 12... axb5 ({Black should play} 12... Be7 $1 $14) 13. Rxa8 $16 Bxa8 14. Nc3 b4 15. Na4 Qa5 16. Bc4 (16. Qb2 $1 $16) 16... Be7 $11 17. O-O Bf6 (17... O-O $11) 18. e5 $16 dxe5 {[%emt 0:00:13] [#]} 19. Nxe5 $1 Bxe5 20. Qe4 $36 {[%emt 0:00:04][%mdl 2048] White is in control.} Nd7 21. f4 {[%emt 0:00:26][%mdl 64] Pin} Qc7 22. Re1 (22. fxe5 Qxe5 23. Nxc5 Qxe4 24. Nxe4 O-O $11) 22... O-O 23. fxe5 {[%emt 0:00:08] And now Qf5 would win.} Re8 {[%emt 0:01:49][%cal Re8e5] [#]} 24. e6 ({Don't blunder} 24. Bd3 $2 Rxe5 25. Qh7+ Kf8 26. Rxe5 (26. Qh8+ $2 Ke7 $19) 26... Qxe5 $19) (24. d6 $1 $16 Qc6 25. Qxc6 Bxc6 26. e6 fxe6 27. Bxe6+ (27. Rxe6 Kf8 $11) 27... Kh8 28. Kf2) 24... Nf6 $2 {[%emt 0:03:43][%mdl 8192] [#]} (24... Rxe6 $11 25. dxe6 Bxe4 26. exd7 Qxd7 27. Rxe4 Qd1+ 28. Kf2 Qd2+ 29. Kf3 Qd6) 25. exf7+ $2 (25. d6 $1 Bxe4 26. dxc7 fxe6 27. Bxe6+ $1 Kf8 28. Nxc5) 25... Qxf7 $18 {[%emt 0:00:21] [#]} 26. Qxe8+ Nxe8 27. d6 $1 Bd5 28. Bxd5 (28. Nb6 $18 Bxc4 29. d7) 28... Qxd5 $19 29. Rxe8+ Kf7 30. Rc8 Qxd6 31. Nxc5 Qe5 32. Rc6 Qe1# {Black used his chance.  Weighted Error Value: White=1.13/Black=0.40} 0-1

[Event "AUT-ch U18 Boys 2022"]
[Site "Sankt Veit an der Glan"]
[Date "2022.04.12"]
[Round "5.2"]
[White "Schernthaner, David"]
[Black "Stadlinger, Matthias"]
[Result "1-0"]
[ECO "B07"]
[WhiteElo "2213"]
[BlackElo "2013"]
[Annotator "TA"]
[PlyCount "89"]
[EventDate "2022.04.11"]
[EventType "swiss"]
[EventCountry "AUT"]
[SourceTitle "playchess.com"]
[Source "ChessBase"]
[SourceQuality "1"]
[TimeControl "5400+30"]

1. d4 d6 2. e4 Nf6 3. Nc3 c6 4. f4 Qa5 5. e5 Ne4 6. Bd2 Nxd2 7. Qxd2 d5 {[%emt 0:08:50] is the legacy move (7...Bf5). B07: Pirc Defence: Miscellaneous Systems.} 8. O-O-O b5 9. Kb1 {[%emt 0:01:06] [#]} e6 $146 {[%emt 0:07:20] The position is equal.} ({Predecessor:} 9... Bg4 10. Re1 Bd7 11. a3 Qb6 12. Nf3 e6 13. Be2 c5 14. f5 b4 15. fxe6 fxe6 16. axb4 cxb4 {0-1 (50) Leyen,P-Belanoff,S IECG email 1997}) 10. Bd3 Nd7 11. Nce2 Qa6 (11... Qxd2 $11 12. Rxd2 a6) 12. f5 Nb6 13. fxe6 {[%emt 0:00:06] &Bianco is more active.} Bxe6 14. Nh3 $36 {[%emt 0:04:12][%cal Bg1h3,Bh3f4,Bf4h5][%mdl 2080] White has good play.} Nc4 15. Qf4 h6 {[%emt 0:14:06] Against Ng5} 16. Qf3 Be7 17. Nhf4 Bd7 (17... g5 $16) 18. Nh5 $18 Be6 (18... Bf8 $142 19. Rhf1 O-O-O 20. Bxc4 (20. Qxf7 Ne3 $16) 20... bxc4 21. Qxf7 Qb7) 19. Nxg7+ Kd7 20. Bxc4 (20. Bf5 $142) 20... bxc4 21. Nf4 Rab8 22. Ngxe6 {[%emt 0:00:45] Chess con chili.} fxe6 23. Rhf1 (23. Qh3 $18 {has better winning chances.} Qa3 24. b3 (24. Qxa3 Bxa3 25. b3 c5 $14) (24. Qxe6+ $2 Kc7 $19)) 23... Rhf8 (23... Qa3 $16 24. Qxa3 Bxa3) 24. Qh3 $1 c5 $2 (24... Qa3 25. b3 (25. Qxa3 Bxa3 26. b3 c5 $16) (25. Qxe6+ $2 Kc7 $19) 25... Rxf4) 25. dxc5 Rxf4 26. Rxf4 {[%emt 0:00:30] [#] Threatens to win with Rxd5+.} Qb5 27. b3 {[%emt 0:00:40] Hoping for Rxd5+.} Qxc5 28. Rfd4 {[%emt 0:01:32] Threatening mate with Rxd5+.} Rb5 29. Rxd5+ Qxd5 30. Rxd5+ Rxd5 31. bxc4 Rxe5 {[%emt 0:00:05][%mdl 4096] Endgame KQ-KRB} 32. a4 Bg5 (32... h5 $142 33. Qb3 Kc8) 33. Qf3 {[%emt 0:00:39] [#] And now Qb7+ would win.} Re1+ (33... Rc5 $142 34. Kb2 Rc7) 34. Ka2 Be3 35. Qg3 Re2 36. Kb3 Bd4 {[%emt 0:00:19] Prevents Qg7+.} 37. Qf4 ({Don't blunder} 37. Qd3 $2 Re3 38. Kb4 Rxd3 39. cxd3 Kc6 $19) 37... Re3+ 38. Kb4 e5 39. Qf7+ Kc6 40. Qg6+ Kc7 41. Qh7+ Kc6 42. Qxh6+ Kc7 43. c5 {[%emt 0:01:00][%cal Bc4c5,Bc5c6][%mdl 32] White threatens Qd6+ and mate.} Rc3 44. Qd6+ Kc8 45. c6 {[%emt 0:01:19] Weighted Error Value: White=0.32/Black=0.66} 1-0

[Event "AUT-ch U18 Boys 2022"]
[Site "Sankt Veit an der Glan"]
[Date "2022.04.12"]
[Round "5.3"]
[White "Ilijic, Mihajilo"]
[Black "Cafasso, Elia"]
[Result "1-0"]
[ECO "C84"]
[WhiteElo "2079"]
[BlackElo "2061"]
[Annotator "TA"]
[PlyCount "79"]
[EventDate "2022.04.11"]
[EventType "swiss"]
[EventCountry "AUT"]
[SourceTitle "playchess.com"]
[Source "ChessBase"]
[SourceQuality "1"]
[TimeControl "5400+30"]

1. e4 e5 2. Nf3 Nc6 3. Bb5 a6 4. Ba4 Nf6 5. O-O Be7 6. d3 b5 7. Bb3 d6 8. a3 O-O 9. Nc3 Na5 {[%emt 0:00:14] C77: Ruy Lopez: 3...a6 4 Ba4 Nf6, unusual lines.} 10. Ba2 Be6 11. Nd5 c6 {[%emt 0:02:39] The position is equal.} 12. Nxf6+ Bxf6 13. Bxe6 fxe6 14. b4 Nb7 15. Bb2 Qc7 16. c4 {[%emt 0:04:30] [#]} bxc4 $146 ({Predecessor:} 16... c5 17. Qb3 bxc4 18. Qxc4 Qd7 19. bxc5 Rfc8 20. d4 exd4 21. Bxd4 Bxd4 22. Qxd4 Rxc5 {1-0 (55) Korneev,O (2598)-Sonntag,H (2352) Germany 2017}) 17. dxc4 a5 (17... c5 $11) 18. Qe2 Ra7 19. c5 d5 (19... axb4 $14 20. cxd6 (20. axb4 Rxa1 21. Rxa1 dxc5 $11) 20... Qxd6) 20. exd5 $16 e4 {[%emt 0:00:29] [#]} 21. Bxf6 (21. Qxe4 $142 $1 Bxb2 22. Rab1 (22. dxc6 Bxa1 23. Ng5 g6 $11) (22. Qxe6+ Kh8 $16) (22. Ng5 g6 $16) 22... axb4 23. axb4 exd5 24. Qe6+ Qf7 25. Qxf7+ Rxf7 26. Rxb2) 21... exd5 22. Bh4 {[%emt 0:01:51] And now Nd4 would win.} exf3 23. Qe6+ Kh8 24. Bg3 Qc8 (24... Nd8 $1 $14 25. Qg4 Qf7) 25. Qxc8 {[%emt 0:05:06] 0x0.002037565f53dp-1022s more active pieces. The black rooks are badly placed.} Rxc8 26. gxf3 {[%emt 0:00:50] Black must now prevent Rae1.} Rca8 $2 (26... Kg8 $16 {was worth a try.}) 27. Rab1 $2 (27. b5 $18) 27... axb4 28. axb4 {[%emt 0:00:05] [#] Hoping for b5.} Ra3 $2 (28... Nd8 $16 {is more resistant.}) 29. b5 $18 cxb5 30. c6 Na5 (30... Nd8 $142 31. c7 Rxf3 32. Rxb5 Ne6) 31. c7 Nb3 32. Rfd1 d4 33. Rd3 {[%emt 0:00:12] White mates.} Ra1 34. Rdxb3 h5 35. c8=Q+ Rxc8 36. Rxa1 Rc3 37. Rxb5 d3 38. Rxh5+ Kg8 39. Rd5 d2 40. Rxd2 {[%emt 0:00:11] Weighted Error Value: White=0.17 (very precise) /Black=0.72} 1-0

[Event "AUT-ch U18 Boys 2022"]
[Site "Sankt Veit an der Glan"]
[Date "2022.04.12"]
[Round "5.4"]
[White "Tumanyan, Gor"]
[Black "Buchegger, Fridolin"]
[Result "1-0"]
[ECO "C55"]
[WhiteElo "1818"]
[BlackElo "2010"]
[Annotator "RC"]
[PlyCount "39"]
[EventDate "2022.04.11"]
[EventType "swiss"]
[EventCountry "AUT"]
[SourceTitle "playchess.com"]
[Source "ChessBase"]
[SourceQuality "1"]
[TimeControl "5400+30"]

1. e4 e5 2. Nf3 Nc6 3. Bc4 Bc5 4. O-O Nf6 5. d4 exd4 6. e5 d5 7. exf6 dxc4 8. Re1+ Be6 9. Ng5 Qd5 10. Nc3 Qf5 11. g4 Qxf6 12. Nd5 Qd8 13. Rxe6+ fxe6 14. Nxe6 Qd6 15. Bf4 Qxe6 16. Nxc7+ Kd7 17. Nxe6 Kxe6 18. Qe2+ Kd7 19. Qxc4 Bb6 20. Qd5+ 1-0

[Event "AUT-ch U18 Boys 2022"]
[Site "Sankt Veit an der Glan"]
[Date "2022.04.12"]
[Round "5.5"]
[White "Marte, Lukas"]
[Black "Lotz, Dominik"]
[Result "0-1"]
[ECO "B12"]
[WhiteElo "1614"]
[BlackElo "1583"]
[Annotator "NA RC"]
[PlyCount "82"]
[EventDate "2022.04.11"]
[EventType "swiss"]
[EventCountry "AUT"]
[SourceTitle "playchess.com"]
[Source "ChessBase"]
[SourceQuality "1"]
[TimeControl "5400+30"]

1. e4 c6 2. d4 d5 3. e5 Bf5 4. Bd3 Bxd3 5. Qxd3 e6 6. Be3 Nd7 7. Nd2 Qb6 8. Qb3 Ne7 9. Ne2 Nf5 10. c3 Qa6 11. Qc2 c5 12. Nf3 Rc8 13. Qd2 cxd4 14. Bxd4 Nc5 15. Bxc5 Bxc5 16. O-O O-O 17. Ned4 Ne7 18. a4 Bxd4 19. Nxd4 Nc6 20. f4 Nxd4 21. cxd4 Rc6 22. Rfc1 Rfc8 23. g3 h6 24. Rc3 Rxc3 25. bxc3 Rc4 26. Qb2 Rxa4 27. Rxa4 Qxa4 28. Qxb7 Qa1+ 29. Kg2 a5 30. Qb8+ Kh7 31. Qc7 Kg6 32. h4 h5 33. g4 Qd1 34. f5+ Kh7 35. gxh5 Qg4+ 36. Kf2 Qxf5+ 37. Ke3 a4 38. Qa7 Qc2 39. Qxf7 Qxc3+ 40. Ke2 Qc2+ 41. Kf3 Qe4+ 0-1